 Dungeon Crawl Stone Soup version 0.30.1-11-g7821555f0a (webtiles) character file.

Game seed: 12080446243211135928

4503 FoldJers the Severer (level 10, -1/84 HPs)
             Began as a Minotaur Fighter on Jan 6, 2024.
             Was a High Priest of Okawaru.
             Slain by a yak (12 damage)
             ... on level 8 of the Dungeon.
             The game lasted 00:27:53 (7828 turns).

FoldJers the Severer (Minotaur Fighter)             Turns: 7828, Time: 00:27:53

Health: -1/84      AC: 13    Str: 17    XL:     10   Next: 16%
Magic:  9/9        EV: 10    Int:  9    God:    Okawaru [*****.]
Gold:   312        SH:  5    Dex: 10    Spells: 9/9 levels left

rFire   + . .        a - +0 war axe
rCold   . . .        c - +0 buckler
rNeg    + + +        x - +5 ring mail {rF+}
rPois   +            (helmet restricted)
rElec   .            (no cloak)
rCorr   .            (no gloves)
SInv    .            E - +2 pair of boots of Calculation {rPois rN+++ Str-4 Stlth+}
Will    .....        (no amulet)
Stlth   +            (no ring)
HPRegen 0.34/turn    (no ring)
MPRegen 0.11/turn

%: no passive effects
@: no status effects
A: horns 2, retaliatory headbutt
a: Renounce Religion, Heroism, Finesse, Duel


You were on level 8 of the Dungeon.
You worshipped Okawaru.
Okawaru was extremely pleased with you.
You visited 1 branch of the dungeon, and saw 9 of its levels.

You collected 312 gold pieces.

Inventory:

Hand Weapons
 a - a +0 war axe (weapon)
 w - a +1 flail of holy wrath
 B - a +1 morningstar of flaming
Missiles
 f - 97 stones (quivered)
 y - a curare-tipped dart
Armour
 b - a +0 kite shield
 c - a +0 buckler (worn)
 h - a +0 tower shield
 l - a +3 ring mail
 x - a +5 ring mail of fire resistance (worn)
 E - the +2 pair of boots of Calculation (worn) {rPois rN+++ Str-4 Stlth+}
   (You found it on level 8 of the Dungeon)

   Str:       It affects your strength (-4).
   rPois:     It protects you from poison.
   rN:        It renders you almost immune to negative energy.
   Stlth:     It makes you more stealthy.
Jewellery
 v - a +6 ring of dexterity
Wands
 g - a wand of digging (4)
 k - a wand of iceblast (12)
 u - a wand of mindburst (11)
 z - a wand of flame (38)
Scrolls
 o - a scroll of magic mapping
 p - 2 scrolls of teleportation
 r - 8 scrolls of identify
 s - a scroll of blinking
 F - a scroll of amnesia {unknown}
Potions
 d - 5 potions of might
 e - 4 potions of flight
 i - a potion of cancellation
 j - 2 potions of mutation
 m - 2 potions of attraction
 n - 2 potions of invisibility
 q - a potion of heal wounds {unknown}
 t - a potion of degeneration {unknown}
 A - a potion of magic {unknown}
 C - a potion of haste {unknown}
 D - a potion of lignification {unknown}


   Skills:
 * Level 6.8 Fighting
 - Level 16.0 Axes
 - Level 3.6 Armour
 + Level 5.4 Shields
 + Level 1.2 Invocations


You had 9 spell levels left.
You didn't know any spells.
Your spell library contained the following spells:

 Spells                   Type           Power      Damage    Failure   Level
 Magic Dart               Conj           0%         1d3       65%         1
 Ensorcelled Hibernation  Hex/Ice        0%         N/A       80%         2
 Lesser Beckoning         Tloc           0%         N/A       80%         2
 Passwall                 Tmut/Erth      0%         N/A       80%         2
 Searing Ray              Conj           0%         2d4       80%         2
 Gell's Gravitas          Tloc           0%         N/A       95%         3
 Stone Arrow              Conj/Erth      0%         3d7       95%         3
 Swiftness                Air            0%         N/A       95%         3
 Teleport Other           Tloc           0%         N/A       95%         3
 Fulminant Prism          Conj/Hex       0%         3d5       100%        4
 Lehudib's Crystal Spear  Conj/Erth      0%         10d2      100%        8
 Animate Armour           Summ/Erth      Unusable   N/A       N/A         4

Dungeon Overview and Level Annotations

Branches:
Dungeon (9/15)             Temple (0/1) D:7
   Lair: D:8-11         Orc: D:9-12

Altars:
Cheibriados
Fedhas
Nemelex Xobeh
Okawaru
Qazlal
Ru
Sif Muna
Uskayaw
Vehumet
Wu Jian
Yredelemnul
The Shining One

Shops:
D:4 *

Annotations:
D:3 1 transporter, celiacchi's ghost, amateur GnWr


Innate Abilities, Weirdness & Mutations

You have a pair of horns on your head.
You reflexively headbutt those who attack you in melee.


Message History

The yak is lightly wounded.
You barely miss the yak. You block the yak's attack.
The yak closely misses you.
You hit the yak. You headbutt the yak.
The yak is moderately wounded.
You slash the yak! The yak gores you but does no damage. The yak gores you!
You hit the yak but do no damage.
The yak is moderately wounded.
You hit the yak. The yak gores you! The yak gores you but does no damage.
You hit the yak.
The yak is moderately wounded.
You barely miss the yak. You completely miss the yak.
The yak is moderately wounded.
You hit the yak but do no damage. The yak gores you.
The yak gores you but does no damage.
You hit the yak. You headbutt the yak.
The yak is heavily wounded.
You slash the yak! The yak gores you!
* * * LOW HITPOINT WARNING * * *
The yak closely misses you.
You slash the yak!
The yak is severely wounded.
You barely miss the yak. The yak barely misses you. The yak gores you.
* * * LOW HITPOINT WARNING * * *
You slice the yak!!
You kill the yak!
Okawaru accepts your kill.
You hit the yak.
Your Invocations skill increases to level 1!
You see here a yak corpse.
You hit the yak.
You kill the yak!
Okawaru accepts your kill. Okawaru grants you throwing weapons!
Something appears at your feet!
You slice the yak!!
The yak is heavily wounded.
The yak gores you!
You die...

#.# ##.## #. #.# #.# #.
#.# #.# #. #######.##
##+## #. #........#
##...## #. #.#####..#
##.....## #. #.#
###..## ##.......## #.
#.#
#.....####.........###.
#.#
#.....@Y>'.........')))
#.#
#.#...####.........####
#.###.##.##
##.......###..
#........# ##.....##
#.# #####.#### ##...##
#.# #.# ###'## #.# #.#
###....# #.# #.#
##...#..# #.# #.#
##....#..# #..


You could see a yak.

Vanquished Creatures
  An ugly thing (D:7)
  Maggie (D:6)
  Prince Ribbit (D:8)
  3 yaks
  A wyvern (D:8)
  A steam dragon (D:7)
  Edmund (D:5)
  Menkaure (D:6)
  An acid dragon (D:8)
  2 water moccasins
  2 ice beasts
  3 sky beasts
  An orc warrior (D:7)
  2 ogres (D:5)
  A centaur (D:5)
  A kobold brigand (D:8)
  5 bullfrogs
  A scorpion (D:4)
  2 necrophages (D:4)
  5 wights
  A centaur zombie (D:4)
  2 gnoll boudas
  2 orc priests
  2 hounds
  A human zombie (D:4)
  A jelly (D:6)
  2 iguanas
  5 orc wizards
  A hound zombie (D:4)
  3 mummies (D:4)
  9 gnolls
  2 river rats (D:5)
  4 adders
  2 shadow imps
  A white imp (D:8)
  2 ufetubi
  2 adder zombies (D:4)
  2 worms (D:5)
  3 dart slugs
  13 orcs
  9 endoplasms
  3 giant cockroaches
  6 goblins
  6 hobgoblins
  6 jackals
  9 kobolds
  5 quokkas
  4 ball pythons
  6 bats
  4 frilled lizards
  A quokka zombie (D:4)
  5 rats
160 creatures vanquished.

Notes
Turn   | Place    | Note
-------+----------+-------------------------------------------
     0 | D:1      | FoldJers the Minotaur Fighter began the quest for the Orb.
     0 | D:1      | Reached XP level 1. HP: 19/19 MP: 0/0
    21 | D:1      | Reached skill level 3 in Axes
    95 | D:1      | Reached XP level 2. HP: 26/26 MP: 1/1
   376 | D:1      | Reached skill level 4 in Axes
   715 | D:2      | Reached XP level 3. HP: 28/31 MP: 2/2
   944 | D:2      | Reached skill level 5 in Axes
  1583 | D:3      | Found a sparkling altar of Nemelex Xobeh.
  1640 | D:3      | Found a transporter.
  1643 | D:3      | Noticed celiacchi's ghost (amateur GnWr)
  1649 | D:3      | Noticed an ogre
  1649 | D:3      | Noticed an ogre
  1698 | D:3      | Found a radiant altar of Vehumet.
  1745 | D:3      | Found a faded altar of an unknown god.
  1868 | D:3      | Found an iron altar of Okawaru.
  1902 | D:3      | Became a worshipper of Warmaster Okawaru
  1916 | D:3      | Found a blossoming altar of Fedhas.
  2143 | D:3      | Found a shimmering blue altar of Sif Muna.
  2222 | D:4      | Noticed a scorpion
  2229 | D:4      | Killed a scorpion
  2230 | D:4      | Reached skill level 6 in Axes
  2230 | D:4      | Reached XP level 4. HP: 22/39 MP: 3/3
  2473 | D:4      | Reached XP level 5. HP: 43/45 MP: 4/4
  2498 | D:4      | Found a sacrificial altar of Ru.
  2770 | D:4      | Reached * piety under Okawaru
  2771 | D:4      | Reached skill level 7 in Axes
  2792 | D:4      | Reached XP level 6. HP: 51/51 MP: 5/5
  2792 | D:4      | Found a basalt altar of Yredelemnul.
  2846 | D:4      | Reached skill level 8 in Axes
  2988 | D:4      | Reached skill level 9 in Axes
  3119 | D:4      | Found Osaeps's Assorted Antiques.
  3149 | D:4      | Found a stormy altar of Qazlal.
  3366 | D:5      | Entered Level 5 of the Dungeon
  3374 | D:5      | Reached XP level 7. HP: 57/57 MP: 3/6
  3497 | D:5      | Reached ** piety under Okawaru
  3741 | D:5      | Reached skill level 10 in Axes
  3873 | D:5      | Noticed Edmund
  3890 | D:5      | Killed Edmund
  3979 | D:5      | Reached skill level 11 in Axes
  4277 | D:5      | Reached XP level 8. HP: 64/64 MP: 7/7
  4480 | D:6      | Found a hide-covered altar of Uskayaw.
  4845 | D:6      | Noticed Menkaure
  4852 | D:6      | Killed Menkaure
  4852 | D:6      | Reached *** piety under Okawaru
  4853 | D:6      | Reached skill level 12 in Axes
  4854 | D:6      | Noticed Maggie
  4859 | D:6      | Killed Maggie
  5477 | D:7      | Found a staircase to the Ecumenical Temple.
  5534 | D:7      | Found a glowing golden altar of the Shining One.
  5562 | D:7      | Reached skill level 13 in Axes
  5932 | D:7      | Reached skill level 14 in Axes
  5932 | D:7      | Reached XP level 9. HP: 51/70 MP: 8/8
  6008 | D:7      | Noticed a purple ugly thing
  6023 | D:7      | Killed a purple ugly thing
  6023 | D:7      | Reached **** piety under Okawaru
  6049 | D:7      | Found an ornate altar of the Wu Jian Council.
  6187 | D:7      | Reached skill level 15 in Axes
  6728 | D:8      | Noticed Prince Ribbit
  6750 | D:8      | Killed Prince Ribbit
  6751 | D:8      | Reached skill level 16 in Axes
  6875 | D:8      | Found a snail-covered altar of Cheibriados.
  6957 | D:8      | Reached skill level 5 in Fighting
  7149 | D:8      | Identified the +2 pair of boots of Calculation {rPois rN+++
                  | Str-4 Stlth+}
  7216 | D:8      | Reached ***** piety under Okawaru
  7436 | D:8      | Reached XP level 10. HP: 83/83 MP: 9/9
  7447 | D:8      | Reached skill level 5 in Shields
  7825 | D:8      | Reached skill level 1 in Invocations
  7827 | D:8      | Received a gift from Okawaru
  7828 | D:8      | Slain by a yak

Illustrated notes

Levels and vault maps discovered:
D:1:      minmay_arrival_five_plusses, layout_basic
D:2:      layout_basic
D:3:      layout_rooms, fedhas_altar_4, led_sif_book, mainiacjoe_overflow_paths,
          mainiacjoe_overflow_boulevard, nemelex_xobeh_ov_fountains_minmay,
          gammafunk_ghost_smash, ebering_ecumenical_altar_webs
D:4:      layout_gridville, hangedman_ru_absence, mainiacjoe_overflow_24_doors,
          lemuel_mausoleum_altar_yredelemnul, serial_shops, shop, st_stairs_8
D:5:      layout_cave_pools, portal_sewer_entry_e, water_maze_lemuel,
          uniq_edmund
D:6:      layout_basic, kennysheep_little_box, kennysheep_generic_room_11,
          uniq_menkaure, uniq_maggie
D:7:      layout_basic, tso_metal_star, mainiacjoe_overflow_brackets,
          minmay_temple_entry_sparse_star, kennysheep_generic_room_12
D:8:      layout_loops_corners, kennysheep_slug_shrine, uniq_prince_ribbit1
D:9:      nzn_winding_woodlands_large [nzn_winding_woodlands_5x5_three,
          nzn_winding_woodlands_5x15_concentric,
          nzn_winding_woodlands_5x5_default, nzn_winding_woodlands_center_lodge,
          nzn_winding_woodlands_15x15_eel_pit,
          nzn_winding_woodlands_center_triple_pond,
          nzn_winding_woodlands_5x5_perimeter,
          nzn_winding_woodlands_5x15_pathside_ponds,
          nzn_winding_woodlands_5x5_open_star], layout_cave_pools,
          hiddenorc1_lemuel, serial_park_tiny_2

Skill      XL: |  1  2  3  4  5  6  7  8  9 10 |
---------------+-------------------------------+-----
Axes           | 3 4 6 7 9 11 14 16 | 16.0
Fighting       | 5 6 |  6.8
Shields        | 4 5 |  5.4
Invocations    | 1 |  1.2
Armour         | |  3.6

Action                     |  1- 3 |  4- 6 |  7- 9 | 10-12 || total
---------------------------+-------+-------+-------+-------++-------
  Melee: War axe           |   115 |    93 |   266 |    48 ||   522
         Headbutt          |    11 |    19 |    45 |    11 ||    86
  Throw: Stone             |       |     3 |     2 |       ||     5
 Invoke: Heroism           |       |     1 |     2 |       ||     3
  Evoke: Wand              |       |       |     7 |       ||     7
    Use: Scroll            |     7 |       |     4 |       ||    11
 Armour: Scale mail        |    43 |       |       |       ||    43
         Ring mail         |    10 |    36 |    78 |    13 ||   137
  Dodge: Dodged            |    38 |    36 |   107 |    13 ||   194
  Block: Buckler           |    31 |    10 |    39 |     9 ||    89
